 Dungeon Crawl Stone Soup version 0.21-a0-404-g291f19a (webtiles) character file.

67249 tilp the Thaumaturge (level 14, -12/91 HPs)
             Began as a Deep Elf Fire Elementalist on Oct 27, 2017.
             Was an Elder of Vehumet.
             Mangled by a salamander
             ... wielding a +0 glaive
              (15 damage)
             ... on level 2 of the Snake Pit.
             The game lasted 02:02:17 (33372 turns).

tilp the Thaumaturge (Deep Elf Fire Elementalist)  Turns: 33372, Time: 02:02:17

Health: -12/91     AC: 21    Str:  8    XL:     14   Next: 82%
Magic:  25/34      EV: 10    Int: 29    God:    Vehumet [****..]
Gold:   1303       SH:  0    Dex: 17    Spells: 15/42 levels left

rFire    . . .     SeeInvis .   a - +9 battleaxe "Ochucuga" {venom, rPois Int+3}
rCold    . . .     Gourm    .   (shield currently unavailable)
rNeg     . . .     Faith    .   X - +0 ring mail "Qoemoaph" {MR++ Dex+2}
rPois    +         Spirit   .   e - +2 hat
rElec    .         Reflect  .   j - +1 cloak
rCorr    .         Harm     .   P - +1 pair of gloves {Str+3}
MR       +++..                  F - +2 pair of boots
Stlth    ++........             (no amulet)
HPRegen  0.25/turn              H - +3 ring of protection
MPRegen  0.24/turn              l - ring of poison resistance

@: constricted
A: beak, claws 1, talons 1, icy blue scales 1, iridescent scales 1, evolution 2
a: Renounce Religion


You were on level 2 of the Snake Pit.
You worshipped Vehumet.
Vehumet was greatly pleased with you.
You were hungry.

You visited 6 branches of the dungeon, and saw 24 of its levels.
You also visited: Labyrinth and Ossuary.

You collected 2170 gold pieces.
You spent 867 gold pieces at shops.

Inventory:

Hand Weapons
 a - the +9 battleaxe "Ochucuga" (weapon) {venom, rPois Int+3}
   (You found it on level 2 of the Lair of Beasts)

   It poisons the flesh of those it strikes.
   It affects your intelligence (+3).
   It protects you from poison.
 A - a +1 scimitar of flaming
Missiles
 m - 2 javelins (quivered)
 W - 5 tomahawks of returning
Armour
 e - a +2 hat (worn)
 j - a +1 cloak (worn)
 s - a +0 robe of positive energy
 F - a +2 pair of boots (worn)
 P - a +1 pair of gloves of strength (worn)
 X - the +0 ring mail "Qoemoaph" (worn) {MR++ Dex+2}
   (You found it in a labyrinth)

   It affects your dexterity (+2).
   It affects your resistance to hostile enchantments.
Magical Staves
 b - an uncursed staff of conjuration
Jewellery
 l - a ring of poison resistance (right hand)
 w - an uncursed ring of positive energy
 z - the ring "Elasa" {Ice +Inv rElec Dex-4}
   (You found it in a labyrinth)

   [ring of ice]

   It enhances your ice magic.
   It affects your dexterity (-4).
   It makes you vulnerable to fire.
   It protects you from cold.
   It insulates you from electricity.
   It lets you turn invisible.
 E - an uncursed ring of fire
 H - a +3 ring of protection (left hand)
 R - an uncursed ring of protection from cold
Wands
 g - a wand of polymorph (5/24)
 u - a wand of clouds (3/9)
 v - a wand of digging (9/24)
 y - a wand of acid (8/15)
 D - a wand of confusion (23/48)
 K - a wand of paralysis (7/24)
 N - a wand of digging (9/24)
 U - a wand of lightning (7/15)
 V - a wand of disintegration (7/24)
Scrolls
 d - 10 scrolls of teleportation
 h - 3 scrolls of fog
 x - a scroll of recharging
 B - 12 scrolls of remove curse
 G - a scroll of amnesia
 I - 3 scrolls of fear
 T - a scroll of holy word
Potions
 f - 2 potions of haste
 i - a potion of magic {unknown}
 n - a potion of invisibility
 p - 4 potions of might
 q - 10 potions of curing
 r - a potion of ambrosia {unknown}
 t - 2 potions of cancellation
 J - 3 potions of flight
 M - a potion of berserk rage
 Q - 2 potions of brilliance
 Y - 2 potions of agility
Books
 o - a book of Clouds

   Spells                             Type                      Level
   a - Poisonous Vapours              Poison/Air                   2
   b - Mephitic Cloud                 Conjuration/Poison/Air       3
   c - Conjure Flame                  Conjuration/Fire             3
   d - Freezing Cloud                 Conjuration/Ice/Air          6
   e - Ring of Flames                 Charms/Fire                  7
Comestibles
 c - 9 bread rations
 C - 5 fruits


   Skills:
 + Level 11.9 Fighting
 + Level 7.7 Axes
 - Level 4.0 Staves
 - Level 6.1 Dodging
 - Level 2.4 Stealth
 + Level 14.6 Spellcasting
 - Level 12.0 Conjurations
 - Level 4.0 Hexes
 - Level 12.0 Fire Magic
 - Level 4.0 Evocations


You had 15 spell levels left.
You knew the following spells:

 Your Spells              Type           Power        Failure   Level  Hunger
a - Flame Tongue          Conj/Fire      #####        1%          1    None
b - Throw Flame           Conj/Fire      ######       1%          2    None
c - Conjure Flame         Conj/Fire      ######..     1%          3    None
d - Sticky Flame          Conj/Fire      ######..     1%          4    None
e - Fireball              Conj/Fire      ######....   1%          5    None
f - Magic Dart            Conj           ####         1%          1    None
g - Corona                Hex            #####..      1%          1    None
h - Searing Ray           Conj           ######       1%          2    None
i - Throw Frost           Conj/Ice       ######       1%          2    None
j - Bolt of Fire          Conj/Fire      ######....   2%          6    ####...


Dungeon Overview and Level Annotations

Branches:
Dungeon (11/15)            Temple (1/1) D:4            Lair (5/6) D:10
  Swamp (3/4) Lair:3        Snake (2/4) Lair:4          Orc (2/2) D:9
    Elf (0/3) Orc:2
  Slime: Lair:5-6

Altars:
Ashenzari
Cheibriados
Dithmenos
Elyvilon
Fedhas
Gozag
Hepliaklqana
Kikubaaqudgha
Makhleb
Nemelex Xobeh
Okawaru
Qazlal
Ru
Sif Muna
Trog
Uskayaw
Vehumet
Wu Jian
Xom
Yredelemnul
Zin
The Shining One
Beogh

Shops:
D:7 =   Orc:2 (%!}

Annotations:
D:2 exclusion: oklob plant


Innate Abilities, Weirdness & Mutations

You have a beak for a mouth.
You have sharp fingernails.
You have sharp toenails.
You are partially covered in icy blue scales. (AC +2)
You are partially covered in iridescent scales. (AC +2)
You rapidly evolve.


Message History

Aim: a salamander, wielding a glaive (moderately wounded, poisoned)
The sticky flame hits the salamander.
The salamander completely resists.
The salamander is moderately wounded.
The salamander is covered in liquid flames!
You feel sick. The naga spits poison at you. The splash of poison misses you.
The naga hits you but does no damage. The naga closely misses you.
The salamander hits you with a glaive!
* * * LOW HITPOINT WARNING * * *
You are engulfed in flames!
* * * LOW HITPOINT WARNING * * *
You feel better. The naga barely misses you. The naga grabs you.
* * * LOW HITPOINT WARNING * * *
The naga constricts you. The naga spits poison at you.
The splash of poison hits you! You resist.
The salamander hits you with a glaive!
* * * LOW HITPOINT WARNING * * *
You are engulfed in flames!
You die...

.######.......#
##.......##
###....#..##
#......###.#
.......###.#
........##.#
#####..##.#
#..N#N#
##.NS@N##
#..####.# ##..#
### #.N## ##..#
##...# #...##
........#
........#


You could see a salamander (burning), a guardian serpent, a naga mage and 2
nagas.

Vanquished Creatures
  A nagaraja (Snake:2)
  A very ugly thing (Swamp:3)
  Snorg (Orc:1)
  An ettin (Orc:2)
  A minotaur (Lab)
  6 hydras
  3 anacondas
  2 ghost crabs
  3 naga warriors
  5 alligators
  2 two-headed ogres
  3 orc high priests (Orc:2)
  11 slime creatures
  A spriggan druid (Swamp:2)
  A swamp dragon (Swamp:1)
  Pikel (D:7)
  A naga ritualist (Snake:1)
  3 shambling mangroves
  2 lindwurms (Lair:5)
  5 orc knights (Orc:2)
  A mana viper (Snake:1)
  4 orc sorcerers (Orc:2)
  13 black mambas
  3 naga magi (Snake:1)
  A guardian serpent (Lair:4)
  7 spiny frogs
  A centaur skeleton (D:11)
  A gargoyle (Lab)
  3 rime drakes
  3 komodo dragons
  2 trolls
  2 tyrant leeches (Swamp:1)
  10 hornets
  6 hippogriffs
  3 bog bodies
  2 shadows
  Eustachio (D:6)
  2 spriggans (Swamp:3)
  2 basilisks
  55 yaks
  2 hungry ghosts (Lab)
  5 vampire mosquitoes
  A warg (Orc:2)
  9 nagas
  8 water moccasins
  13 swamp worms
  4 porcupines
  21 orc warriors
  6 swamp drakes
  4 sky beasts
  A phantom (D:4)
  4 slaves (D:7)
  An eye of draining (D:10)
  A black bear (D:11)
  A centaur (D:6)
  24 wolves
  6 ogres
  3 crocodiles
  An elf zombie (Ossuary)
  6 bullfrogs
  A big kobold (D:8)
  An earth elemental (Lab)
  6 killer bees (D:8)
  4 wights (D:8)
  4 howler monkeys
  2 centaur zombies (Ossuary)
  2 crimson imps
  3 bullfrog zombies
  3 jellies
  4 hounds
  13 orc priests
  17 orc wizards
  Jessica (D:2)
  Terence (D:2)
  6 worker ants
  A big kobold zombie (Ossuary)
  3 hound zombies
  A hound skeleton (D:7)
  3 mummies (Ossuary)
  2 worker ant zombies
  3 gnolls (D:5)
  A howler monkey zombie (D:5)
  7 adders
  2 adder skeletons
  6 adder zombies (Ossuary)
  3 worms
  4 dart slugs
  3 leopard geckos
  72 orcs
  A ball python (D:3)
  5 bats (D:1)
  A giant cockroach (D:4)
  2 gnoll zombies (Ossuary)
  8 goblins
  5 hobgoblins
  7 jackals
  16 kobolds
  3 quokkas
  2 frilled lizards
  3 goblin zombies (Ossuary)
  A hobgoblin zombie (Ossuary)
  3 jackal zombies (Ossuary)
  2 kobold zombies (Ossuary)
  4 orc zombies (Ossuary)
  3 quokka skeletons (D:4)
  6 quokka zombies (Ossuary)
  9 rats
  4 rat zombies (Ossuary)
  2 fungi
563 creatures vanquished.

Vanquished Creatures (others)
  A fungus (Lair:5)
  8 plants
  14 toadstools (D:2)
23 creatures vanquished.

Grand Total: 586 creatures vanquished

Notes
Turn   | Place    | Note
-------+----------+-------------------------------------------
     0 | D:1      | tilp the Deep Elf Fire Elementalist began the quest for the Orb.
     0 | D:1      | Reached XP level 1. HP: 10/10 MP: 6/6
   165 | D:1      | Reached XP level 2. HP: 15/15 MP: 5/8
   173 | D:1      | Learned a level 2 spell: Throw Flame
   624 | D:1      | Reached XP level 3. HP: 19/19 MP: 7/10
   652 | D:1      | Learned a level 3 spell: Conjure Flame
  1413 | D:2      | Noticed Terence
  1552 | D:2      | Noticed Jessica
  1554 | D:2      | Killed Jessica
  1554 | D:2      | Reached XP level 4. HP: 24/24 MP: 6/11
  1624 | D:2      | Learned a level 4 spell: Sticky Flame
  1664 | D:2      | Killed Terence
  1664 | D:2      | Reached skill level 4 in Spellcasting
  1897 | D:2      | Found a blossoming altar of Fedhas.
  1915 | D:2      | Noticed an oklob plant
  2872 | D:3      | Reached XP level 5. HP: 28/28 MP: 5/13
  3290 | D:3      | Found a burning altar of Makhleb.
  3292 | D:3      | Found a snail-covered altar of Cheibriados.
  3599 | D:4      | Noticed a phantom
  3633 | D:4      | Killed a phantom
  3633 | D:4      | Reached skill level 5 in Spellcasting
  3713 | D:4      | Found a staircase to the Ecumenical Temple.
  3731 | Temple   | Entered the Ecumenical Temple
  3756 | Temple   | Became a worshipper of Vehumet
  3863 | D:4      | Found a sand-covered staircase.
  3869 | Ossuary  | Entered an ossuary
  4033 | Ossuary  | Reached XP level 6. HP: 32/32 MP: 10/15
  4260 | Ossuary  | Reached skill level 5 in Fire Magic
  4507 | Ossuary  | Reached * piety under Vehumet
  4507 | Ossuary  | Offered knowledge of Magic Dart by Vehumet.
  4518 | Ossuary  | Learned a level 1 spell: Magic Dart
  4777 | Ossuary  | Reached skill level 6 in Spellcasting
  4786 | Ossuary  | Learned a level 5 spell: Fireball
  5145 | D:4      | Reached skill level 5 in Conjurations
  5145 | D:4      | Reached XP level 7. HP: 36/36 MP: 7/18
  6242 | D:4      | Learned a level 1 spell: Corona
  6245 | D:5      | Entered Level 5 of the Dungeon
  6333 | D:5      | Found an opulent altar of Gozag.
  6619 | D:5      | Reached skill level 7 in Spellcasting
  6684 | D:5      | Found a bloodstained altar of Trog.
  6756 | D:5      | Found a white marble altar of Elyvilon.
  7015 | D:6      | Offered knowledge of Searing Ray by Vehumet.
  7024 | D:6      | Learned a level 2 spell: Searing Ray
  7099 | D:6      | Reached ** piety under Vehumet
  7257 | D:6      | Reached XP level 8. HP: 23/41 MP: 17/21
  7911 | D:6      | Reached skill level 8 in Spellcasting
  7965 | D:6      | Found an ornate altar of the Wu Jian Council.
  7984 | D:6      | Noticed Eustachio
  8054 | D:6      | Killed Eustachio
  8111 | D:6      | Found a shattered altar of Ashenzari.
  8172 | D:6      | Found a stormy altar of Qazlal.
  8760 | D:7      | Gained mutation: You are agile. (Dex +2) [mutagenic meat]
  8761 | D:7      | Gained mutation: You are very agile. (Dex +4) [mutagenic meat]
  8762 | D:7      | Gained mutation: Scrolls take you a little longer to read. [mutagenic meat]
  8763 | D:7      | Lost mutation: You are very agile. (Dex +4) [potion of mutation]
  8763 | D:7      | Lost mutation: Scrolls take you a little longer to read. [potion of mutation]
  8763 | D:7      | Gained mutation: Scrolls take you a little longer to read. [potion of mutation]
  8763 | D:7      | Gained mutation: You evolve. [potion of mutation]
  8763 | D:7      | Gained mutation: You possess an exceptional clarity of mind. [potion of mutation]
  8764 | D:7      | Lost mutation: You possess an exceptional clarity of mind. [potion of mutation]
  8764 | D:7      | Lost mutation: You are agile. (Dex +2) [potion of mutation]
  8764 | D:7      | Gained mutation: You have very sharp teeth. [potion of mutation]
  8764 | D:7      | Gained mutation: You have sharp fingernails. [potion of mutation]
  8765 | D:7      | Lost mutation: Scrolls take you a little longer to read. [potion of mutation]
  8765 | D:7      | Lost mutation: You evolve. [potion of mutation]
  8765 | D:7      | Lost mutation: You have very sharp teeth. [potion of mutation]
  8765 | D:7      | Gained mutation: Your natural rate of healing is unusually fast. [potion of mutation]
  8765 | D:7      | Lost mutation: Your natural rate of healing is unusually fast. [potion of mutation]
  8765 | D:7      | Gained mutation: You evolve. [potion of mutation]
  8987 | D:7      | Noticed Pikel
  8999 | D:7      | Killed Pikel
  8999 | D:7      | Reached skill level 9 in Spellcasting
  8999 | D:7      | Reached XP level 9. HP: 45/45 MP: 13/24
  9201 | D:7      | Found Xuptuane's Jewellery Emporium.
  9414 | D:8      | Reached skill level 1 in Fighting
  9501 | D:8      | Reached skill level 10 in Spellcasting
  9515 | D:8      | Gained mutation: You have a beak for a mouth. [evolution]
  9684 | D:8      | Offered knowledge of Throw Frost by Vehumet.
  9697 | D:8      | Learned a level 2 spell: Throw Frost
  9977 | D:8      | Reached *** piety under Vehumet
 10285 | D:8      | Found a basalt altar of Yredelemnul.
 10630 | D:9      | Reached skill level 5 in Dodging
 10804 | D:9      | Noticed a two-headed ogre
 10817 | D:9      | Killed a two-headed ogre
 10817 | D:9      | Reached skill level 5 in Fighting
 10817 | D:9      | Reached XP level 10. HP: 59/59 MP: 6/26
 10865 | D:9      | Gained mutation: You rapidly evolve. [evolution]
 10956 | D:9      | Found a staircase to the Orcish Mines.
 11446 | D:9      | Offered knowledge of Static Discharge by Vehumet.
 11792 | D:9      | Reached skill level 1 in Axes
 12115 | D:10     | Entered Level 10 of the Dungeon
 12286 | D:10     | Found a staircase to the Lair.
 12500 | D:10     | Gained mutation: You are partially covered in icy blue scales. (AC +2) [evolution]
 12699 | D:10     | Reached **** piety under Vehumet
 12734 | D:10     | Offered knowledge of Ignite Poison by Vehumet.
 13382 | D:11     | Noticed a two-headed ogre
 13387 | D:11     | Killed a two-headed ogre
 13387 | D:11     | Reached XP level 11. HP: 68/68 MP: 3/27
 14493 | Lair:1   | Entered Level 1 of the Lair of Beasts
 15337 | Lair:1   | Gained mutation: You are partially covered in iridescent scales. (AC +2) [evolution]
 15626 | Lair:2   | Got a bloodstained battleaxe
 15691 | Lair:2   | Noticed a six-headed hydra
 15755 | Lair:2   | Killed a six-headed hydra
 15791 | Lair:2   | Found a labyrinth entrance.
 15822 | Lab      | Entered a labyrinth
 16017 | Lab      | Got a pitted marble ring
 16019 | Lab      | Identified the +9 battleaxe "Ochucuga" {venom, rPois Int+3} (You found it on level 2 of the Lair of Beasts)
 16022 | Lab      | Identified the ring "Elasa" {Ice +Inv rElec Dex-4} (You found it in a labyrinth)
 16372 | Lab      | Noticed a minotaur
 16377 | Lab      | Killed a minotaur
 16417 | Lab      | Got a twisted flail
 16417 | Lab      | Got a transparent ring mail
 16425 | Lab      | Identified the +6 flail of Skirmishing {freeze, SInv} (You found it in a labyrinth)
 16461 | Lab      | Identified the cursed +0 ring mail "Qoemoaph" {MR++ Dex+2} (You found it in a labyrinth)
 16523 | Lair:2   | Reached skill level 11 in Spellcasting
 16531 | Lair:2   | Reached skill level 1 in Hexes
 17315 | Lair:2   | Reached ***** piety under Vehumet
 17319 | Lair:2   | Offered knowledge of Bolt of Fire by Vehumet.
 17320 | Lair:2   | Reached XP level 12. HP: 52/76 MP: 25/29
 17755 | Lair:2   | Reached skill level 10 in Fire Magic
 18319 | Lair:2   | Learned a level 6 spell: Bolt of Fire
 18381 | Lair:3   | Found a staircase to the Swamp.
 18409 | Lair:3   | Noticed a five-headed hydra
 18422 | Lair:3   | Killed a four-headed hydra
 18422 | Lair:3   | Reached skill level 12 in Spellcasting
 18474 | Lair:3   | Reached skill level 10 in Conjurations
 18821 | Lair:1   | Gained mutation: You have sharp toenails. [evolution]
 18821 | Lair:1   | Lost mutation: You rapidly evolve. [decline of evolution]
 19483 | Lair:4   | Found a staircase to the Snake Pit.
 20193 | Lair:4   | Noticed a six-headed hydra
 20208 | Lair:4   | Killed a six-headed hydra
 20467 | Lair:4   | Noticed a four-headed hydra
 20470 | Lair:4   | Reached skill level 10 in Fighting
 20478 | Lair:4   | Killed a four-headed hydra
 21527 | Lair:5   | Reached XP level 13. HP: 82/82 MP: 17/31
 22327 | Orc:1    | Entered Level 1 of the Orcish Mines
 22351 | Orc:1    | Noticed Snorg
 22357 | Orc:1    | Killed Snorg
 22491 | Orc:2    | Entered Level 2 of the Orcish Mines
 22491 | Orc:2    | Found a staircase to the Elven Halls.
 22951 | Orc:2    | Noticed an ettin
 22959 | Orc:2    | Killed an ettin
 22961 | Orc:2    | Reached skill level 1 in Staves
 23702 | Orc:2    | Offered knowledge of Bolt of Magma by Vehumet.
 24505 | Orc:1    | Found a roughly hewn altar of Beogh.
 24874 | Orc:2    | Reached skill level 5 in Axes
 25135 | Orc:2    | Found Ileath's Distillery.
 25135 | Orc:2    | Found Efeive's Gadget Shoppe.
 25137 | Orc:2    | Found Caku Ett's Food Shoppe.
 25137 | Orc:2    | Found Ahuolam's Weapon Shop.
 25148 | Orc:2    | Bought a potion of haste for 170 gold pieces
 25148 | Orc:2    | Bought 2 potions of curing for 102 gold pieces
 25148 | Orc:2    | Bought a potion of might for 68 gold pieces
 25148 | Orc:2    | Bought a potion of flight for 51 gold pieces
 25148 | Orc:2    | Bought a potion of curing for 51 gold pieces
 25148 | Orc:2    | Bought a potion of might for 68 gold pieces
 25148 | Orc:2    | Bought a potion of agility for 68 gold pieces
 25148 | Orc:2    | Bought a potion of mutation for 136 gold pieces
 25148 | Orc:2    | Bought a potion of degeneration for 17 gold pieces
 25148 | Orc:2    | Bought a potion of berserk rage for 85 gold pieces
 25148 | Orc:2    | Bought a potion of flight for 51 gold pieces
 25332 | Swamp:1  | Entered Level 1 of the Swamp
 25425 | Swamp:1  | You fall through a shaft!
 25507 | Swamp:2  | HP: 4/83 [alligator[an alligator] (1)]
 28107 | Swamp:2  | Reached skill level 13 in Spellcasting
 28829 | Swamp:2  | Reached XP level 14. HP: 80/90 MP: 29/33
 28872 | Swamp:3  | Noticed a purple very ugly thing
 30245 | Swamp:3  | Reached skill level 1 in Evocations
 30434 | Swamp:3  | Gained mutation: You rapidly evolve. [evolution]
 30450 | Swamp:3  | Killed a purple very ugly thing
 31399 | Lair:1   | Identified a scroll of acquirement
 31465 | Snake:1  | Entered Level 1 of the Snake Pit
 31879 | Snake:1  | Reached skill level 14 in Spellcasting
 32936 | Snake:2  | Noticed a nagaraja
 32940 | Snake:2  | Killed a nagaraja
 33372 | Snake:2  | HP: 3/91 [salamander/glaive (11)]
 33372 | Snake:2  | Mangled by a salamander

Vault maps used:
D:1:      tarquinn_simple_flora_water_e
D:2:      tgw_fedhas, uniq_terence, uniq_jessica
D:3:      gammafunk_temple_overflow_statue
D:4:      minmay_temple_entry_statues, first_bread, nicolae_ossuary_entry_plus
D:5:      bloody_trog, old_standard_altar, nicolae_gozag_seed_capital,
          serial_curves, eino_curves_02, eino_curves_01
D:6:      nicolae_qazlal_eye_of_the_storm, evilmike_ruin_ashenzari,
          nicolae_overflow_crystal_walls, uniq_eustachio
D:7:      serial_shops, nicolae_shop_trees, uniq_pikel
D:8:      kennysheep_mini
D:9:      orc_0_dummy
D:10:     lair_entry_dummy
Temple:   nicolae_temple_hex_pool
Lair:2:   lab_entry_generic, lemuel_fruit_tree, serial_bayou_shore_b
Lair:3:   swamp_mist, minivault_23
Lair:4:   minmay_snake_entry_spellcaster, wad_woods_road_05
Swamp:1:  evilmike_swamp_ruin_rubble_2, swamp_pool1
Swamp:2:  evilmike_swamp_ruin_house_1
Swamp:3:  evilmike_swamp_ruin_house_2, swamp_pool3
Snake:2:  serial_shops, nicolae_shop_crystal, nrook_guardian_serpent_double,
          serial_bayou_shore_a, minmay_shop_star, basic_stair_grate_trap
Orc:1:    basic_altar, uniq_snorg
Orc:2:    grunt_orc_tribal_feast
Lab:      labyrinth_hidden_loot, nicolae_lab_x, nicolae_lab_very_dead_end
Ossuary:  minmay_ossuary_two_tombs

Skill      XL: |  1  2  3  4  5  6  7  8  9 10 11 12 13 14 |
---------------+-------------------------------------------+-----
Conjurations   | 2 3 4 5 6 7 8 9 11 12 | 12.0
Spellcasting   | 4 5 6 7 9 10 11 12 13 14 | 14.6
Fire Magic     | 4 5 6 8 9 11 12 | 12.0
Fighting       | 5 7 9 10 11 | 11.9
Dodging        | 6 |  6.1
Axes           | 4 6 7 |  7.7
Hexes          | 3 4 |  4.0
Staves         | 4 |  4.0
Evocations     | 4 |  4.0
Stealth        | |  2.4

Action                   |  1- 3 |  4- 6 |  7- 9 | 10-12 | 13-15 || total
-------------------------+-------+-------+-------+-------+-------++-------
Melee: Dagger            |     8 |       |       |       |       ||     8
       Hand axe          |       |     9 |    26 |    97 |       ||   132
       Unarmed           |       |       |    13 |       |       ||    13
       Peck              |       |       |       |    48 |    27 ||    75
       Battleaxe         |       |       |       |    55 |    73 ||   128
       Staff             |       |       |       |    40 |    21 ||    61
       Scimitar          |       |       |       |     2 |     5 ||     7
Throw: Stone             |     4 |       |       |       |       ||     4
       Tomahawk          |       |       |       |     3 |       ||     3
       Javelin           |       |       |       |     2 |       ||     2
 Cast: Flame Tongue      |    39 |   114 |   174 |   201 |   123 ||   651
       Throw Flame       |    14 |    43 |    45 |    51 |    58 ||   211
       Sticky Flame      |       |     5 |    15 |    31 |    72 ||   123
       Conjure Flame     |       |    10 |    26 |    67 |    44 ||   147
       Magic Dart        |       |       |     9 |       |       ||     9
       Fireball          |       |       |     4 |    60 |   161 ||   225
       Throw Frost       |       |       |     3 |       |       ||     3
       Corona            |       |       |     2 |     1 |       ||     3
Evoke: Wand              |       |       |     3 |       |       ||     3
  Use: Scroll            |       |     7 |     6 |    18 |     9 ||    40
       Potion            |       |       |     3 |     4 |     8 ||    15
 Stab: Invisible         |       |       |       |    10 |       ||    10
  Eat: Chunk             |     2 |     8 |    15 |    21 |    18 ||    64
       Royal jelly       |       |     1 |       |     6 |     5 ||    12
       Meat ration       |       |     1 |       |     1 |     2 ||     4
       Fruit             |       |       |     4 |     3 |     7 ||    14
Armor: Robe              |     2 |     5 |     8 |       |       ||    15
       Skin              |       |       |     5 |       |       ||     5
       Troll leather arm |       |       |       |    43 |       ||    43
       Ring mail         |       |       |       |    72 |   189 ||   261
Dodge: Dodged            |    14 |    24 |    42 |   142 |   169 ||   391
       Rpst.: Scimitar   |       |       |       |       |     3 ||     3

Table legend:
 A = Spawn XP
 B = Non-spawn XP
 C = Spawn XP percentage of total XP
 D = Spawn monster count
 E = Non-spawn monster count
 F = Spawn count percentage of total count
 G = Total turns spent on level
                    A         B        C        D         E        F      G
               +---------+---------+-------+---------+---------+-------+---------
         Total |       0 |   96071 |   0.0 |       0 |     557 |   0.0 | 33372
               +---------+---------+-------+---------+---------+-------+---------
           D:1 |       0 |      51 |   0.0 |       0 |      27 |   0.0 |  1150
           D:2 |       0 |      89 |   0.0 |       0 |      11 |   0.0 |  1281
           D:3 |       0 |      90 |   0.0 |       0 |      27 |   0.0 |  1274
           D:4 |       0 |     341 |   0.0 |       0 |      15 |   0.0 |  1223
           D:5 |       0 |     257 |   0.0 |       0 |       8 |   0.0 |   757
           D:6 |       0 |     842 |   0.0 |       0 |      14 |   0.0 |  1373
           D:7 |       0 |    1230 |   0.0 |       0 |       8 |   0.0 |  1031
           D:8 |       0 |    1373 |   0.0 |       0 |      31 |   0.0 |  1002
           D:9 |       0 |    2060 |   0.0 |       0 |      29 |   0.0 |  1723
          D:10 |       0 |    1517 |   0.0 |       0 |      15 |   0.0 |  1079
          D:11 |       0 |    3539 |   0.0 |       0 |      31 |   0.0 |  1379
        Lair:1 |       0 |     898 |   0.0 |       0 |       5 |   0.0 |  1625
        Lair:2 |       0 |   10935 |   0.0 |       0 |      52 |   0.0 |  1799
        Lair:3 |       0 |    2504 |   0.0 |       0 |       9 |   0.0 |  1166
        Lair:4 |       0 |    6756 |   0.0 |       0 |      27 |   0.0 |  1774
        Lair:5 |       0 |    4424 |   0.0 |       0 |      18 |   0.0 |  1220
       Swamp:1 |       0 |    6334 |   0.0 |       0 |      20 |   0.0 |  2246
       Swamp:2 |       0 |    8203 |   0.0 |       0 |      21 |   0.0 |  2594
       Swamp:3 |       0 |   11178 |   0.0 |       0 |      27 |   0.0 |  1145
       Snake:1 |       0 |   10395 |   0.0 |       0 |      22 |   0.0 |  1183
       Snake:2 |       0 |    7080 |   0.0 |       0 |      12 |   0.0 |   455
         Orc:1 |       0 |    1873 |   0.0 |       0 |      17 |   0.0 |   656
         Orc:2 |       0 |   11554 |   0.0 |       0 |      65 |   0.0 |  2225
           Lab |       0 |    2179 |   0.0 |       0 |       6 |   0.0 |   695
       Ossuary |       0 |     369 |   0.0 |       0 |      40 |   0.0 |  1242
               +---------+---------+-------+---------+---------+-------+---------
